 Dungeon Crawl Stone Soup version 0.31-a0-167-g1c394c0614 (webtiles) character file.

Game seed: 11528167396970480874

173 frimble the Insei (level 5, 0/34 HPs)
             Began as an Octopode Warper on June 14, 2023.
             Slain by a centaur (1 damage)
             ... on level 7 of the Dungeon.
             The game lasted 00:05:07 (2248 turns).

frimble the Insei (Octopode Warper)                 Turns: 2248, Time: 00:05:08

Health: 0/34       AC:  1    Str: 12    XL:     5   Next: 53%
Magic:  6/8        EV: 14    Int: 15    God:
Gold:   86         SH:  5    Dex: 18    Spells: 5/8 levels left

rFire   . .          .
                       - Unarmed
rCold   . . .        (no shield)
rNeg    . . .        (helmet restricted)
rPois   .            e - amulet of reflection
rElec   .            h - +6 ring of dexterity
rCorr   .            (no ring)
SInv    .            (no ring)
Will    .....        (no ring)
Stlth   +++          (no ring)
HPRegen 0.25/turn    (no ring)
MPRegen 0.11/turn    (no ring)
                     (no ring)

%: reflection
@: no status effects
A: almost no armour, amphibious, 8 rings, camouflage 1, gelatinous body 1,
(nimble swimmer 1), tentacles
a: no special abilities


You were on level 7 of the Dungeon.
You visited 1 branch of the dungeon, and saw 6 of its levels.

You collected 86 gold pieces.

Inventory:

Missiles
 b - 7 boomerangs of dispersal (quivered)
Jewellery
 e - an amulet of reflection (around mantle)
 h - a +6 ring of dexterity (left tentacle)
Scrolls
 a - a scroll of blinking
 f - 2 scrolls of poison
Potions
 c - a potion of heal wounds
 g - a potion of attraction
 j - a potion of berserk rage
 k - 2 potions of curing


   Skills:
 - Level 2.0 Fighting
 - Level 1.0 Throwing
 - Level 3.0 Dodging
 + Level 5.2 Unarmed Combat
 - Level 2.0 Spellcasting
 - Level 3.0 Translocations


You had 5 spell levels left.
You knew the following spells:

 Your Spells              Type           Power      Damage    Failure   Level
a - Blink                 Tloc           20%        N/A       10%         2
b - Apportation           Tloc           20%        N/A       6%          1

Your spell library contained the following spells:

 Spells                   Type           Power      Damage    Failure   Level
 Lesser Beckoning         Tloc           20%        N/A       10%         2
 Momentum Strike          Conj/Tloc      12%        3d8       19%         2
 Teleport Other           Tloc           10%        N/A       19%         3
 Vhi's Electric Charge    Tloc/Air       12%        N/A       34%         3
 Manifold Assault         Tloc           10%        N/A       54%         4
 Alistair's Intoxication  Tmut/Pois      0%         N/A       99%         5


Dungeon Overview and Level Annotations

Branches:
Dungeon (7/15)
 Temple: D:4-7

Altars:


Innate Abilities, Weirdness & Mutations

You cannot wear most types of armour.
You are amphibious.
You can wear up to eight rings at the same time.
Your skin changes colour to match your surroundings (Stealth+).
Your rubbery body absorbs attacks. (AC +1, EV +1)
((You are camouflaged when in or above water. (Stealth+)))
You have tentacles for arms and can constrict up to eight enemies at once.


Message History

You block the arrow with an invisible shield... and reflect it back!
The arrow hits the centaur!
The centaur shoots an arrow.
The arrow hits you!
The centaur shoots an arrow.
The arrow completely misses you.
You feel stable enough to blink again.
Your magical contamination has completely faded away.
The centaur shoots an arrow.
You block the arrow with an invisible shield... and reflect it back!
The arrow hits the centaur.
The centaur shoots an arrow.
The arrow closely misses you.
The centaur shoots an arrow.
The arrow hits you.
The centaur shoots an arrow.
The arrow hits you.
The centaur unwields a +0 shortbow.
The centaur hits you.
You block the centaur's attack. x2; The centaur barely misses you.
You tentacle-slap the centaur but do no damage.
Your squeeze misses the centaur.
The centaur is severely wounded.
The centaur hits you. You block the centaur's attack.
You tentacle-slap the centaur but do no damage.
The centaur is severely wounded.
The centaur closely misses you. The centaur misses you.
You tentacle-slap the centaur.
The centaur is severely wounded.
The centaur hits you.
The centaur kicks you but does no damage.
The centaur hits you.
* * * LOW HITPOINT WARNING * * *
You block the centaur's attack.
You tentacle-slap the centaur.
The centaur is almost dead.
The centaur misses you. The centaur completely misses you.
You barely miss the centaur.
The centaur is almost dead.
The centaur hits you.
* * * LOW HITPOINT WARNING * * *
The centaur kicks you.
* * * LOW HITPOINT WARNING * * *
The centaur hits you but does no damage.
The centaur kicks you.
You die...

########....#
#..........##
#.#.##########
#.#.# #.#.# #.#.#
#.#<#######
######.#.......#
#..@...#.......+
#.##c#.........#
#.......#........
#.......#########
#.#...#.#
#.......#
#.......#
#.#...#.#
#.....c.#


You could see a centaur.

Vanquished Creatures
  A scorpion (D:5)
  A sleepcap (D:5)
  3 adders (D:2)
  A white imp (D:5)
  2 ufetubi (D:5)
  A worm (D:2)
  A dart slug (D:1)
  6 orcs
  A bat (D:1)
  2 endoplasms (D:2)
  5 hobgoblins
  3 kobolds
  2 quokkas
  A ball python (D:2)
  A frilled lizard (D:2)
  5 rats
36 creatures vanquished.

Notes
Turn   | Place    | Note
-------+----------+-------------------------------------------
     0 | D:1      | frimble the Octopode Warper began the quest for the Orb.
     0 | D:1      | Reached XP level 1. HP: 14/14 MP: 3/3
   196 | D:1      | Reached XP level 2. HP: 19/19 MP: 5/5
   642 | D:2      | Reached skill level 3 in Unarmed Combat
   866 | D:2      | Reached XP level 3. HP: 18/24 MP: 6/6
  1244 | D:2      | You fall into a shaft and drop 2 floors!
  1301 | D:5      | Entered Level 5 of the Dungeon
  1311 | D:5      | Reached XP level 4. HP: 29/29 MP: 7/7
  1371 | D:5      | Noticed a centaur
  1376 | D:5      | Learned a level 2 spell: Blink
  1390 | D:5      | Reached skill level 4 in Unarmed Combat
  1392 | D:5      | Noticed a scorpion
  1396 | D:5      | Killed a scorpion
  1397 | D:5      | Reached XP level 5. HP: 20/34 MP: 8/8
  1520 | D:5      | Learned a level 1 spell: Apportation
  1649 | D:5      | Reached skill level 5 in Unarmed Combat
  1909 | D:6      | Noticed a phantom
  2228 | D:7      | Noticed a centaur
  2248 | D:7      | HP: 1/34 [centaur (1)]
  2248 | D:7      | Slain by a centaur

Illustrated notes

Levels and vault maps discovered:
D:1:      elethiomel_arrival_quiet, layout_loops_ring, hex_medium
D:2:      layout_loops_ring
D:4:      layout_cave_pods, nicolae_qazlal_beasts_of_the_sky,
          nicolae_inconvenience_store
D:5:      nicolae_cairo_tiling_large_dashed, layout_basic, kennysheep_nub,
          hangedman_decor_slide_cut, nicolae_letterblocks
          [nicolae_letter_subblock, nicolae_letter_subblock,
          nicolae_letter_subblock, nicolae_letter_subblock,
          nicolae_letter_subblock, nicolae_letter_subblock,
          nicolae_letter_subblock, nicolae_letter_subblock,
          nicolae_letter_subblock, nicolae_letter_subblock,
          nicolae_letter_subblock, nicolae_letter_subblock,
          nicolae_letter_subblock, nicolae_letter_subblock,
          nicolae_letter_subblock, nicolae_letter_subblock,
          nicolae_letter_subblock, nicolae_letter_subblock,
          nicolae_letter_subblock, nicolae_letter_subblock,
          nicolae_letter_subblock, nicolae_letter_subblock,
          nicolae_letter_subblock, nicolae_letter_subblock,
          nicolae_letter_subblock]
D:6:      layout_loops_corners
D:7:      layout_basic, temple_hall, nicolae_kite_square_tiling_tiny

Skill      XL: |  1  2  3  4  5 |
---------------+----------------+-----
Unarmed Combat | 3 4 5 |  5.2
Dodging        | 3 |  3.0
Fighting       | |  2.0
Throwing       | |  1.0
Spellcasting   | |  2.0
Translocations | |  3.0

Action                     |  1- 3 |  4- 6 || total
---------------------------+-------+-------++-------
  Melee: Unarmed           |    64 |    36 ||   100
         Tentacles         |    12 |    11 ||    23
         Constrict         |    14 |    10 ||    24
         Punch             |     2 |     1 ||     3
   Cast: Apportation       |       |     5 ||     5
         Blink             |       |     2 ||     2
    Use: Scroll            |    10 |     3 ||    13
   Stab: Sleeping          |     6 |     1 ||     7
 Armour: Skin              |     3 |     5 ||     8
  Dodge: Dodged            |    30 |    20 ||    50
  Block: Other             |       |    12 ||    12
         Reflection        |       |     2 ||     2

Table legend: (Time is in decaauts)
 A = Elapsed time spent in this place.
 B = Non-inter-level travel time spent in this place.
 C = Inter-level travel time spent in this place.
 D = Time resting spent in this place.
 E = Time spent auto-exploring this place.
 F = Levels seen in this place.
 G = Mean time per level.
                   A        B        C        D        E       F      G
               +--------+--------+--------+--------+--------+-----+--------+
         Total |   2240 |   2172 |     68 |     89 |   1600 |   6 |  373.3 |
       Dungeon |   2240 |   2172 |     68 |     89 |   1600 |   6 |  373.3 |
               +--------+--------+--------+--------+--------+-----+--------+

Top non-repeatable levels by time:
     D:2: 625 daAuts
     D:1: 614 daAuts
     D:5: 605 daAuts
     D:7: 185 daAuts
     D:6: 152 daAuts
     D:4: 56 daAuts
